 Dungeon Crawl Stone Soup version 0.20.1-1-g8b1a95d (webtiles) character file.

79 JayJay1191 the Insei (level 4, 0/32 HPs)
             Began as a Merfolk Transmuter on Dec 6, 2017.
             Slain by an adder (1 damage)
             ... on level 2 of the Dungeon.
             The game lasted 00:15:56 (1836 turns).

JayJay1191 the Insei (Merfolk Transmuter)           Turns: 1836, Time: 00:15:56

Health: 0/32       AC:  3    Str: 10    XL:     4   Next: 37%
Magic:  6/7        EV: 13    Int: 13    God:
Gold:   149        SH:  0    Dex: 14    Spells: 1/7 levels left

rFire    . . .     SeeInvis .     - Unarmed
rCold    . . .     Gourm    .   (no shield)
rNeg     . . .     Faith    .   b - +0 robe
rPois    .         Spirit   .   (no helmet)
rElec    .         Reflect  .   (no cloak)
rCorr    .         Harm     .   q - +0 pair of gloves
MR       .....                  (no boots)
Stlth    +.........             (no amulet)
Regen    0.1/turn               (no ring)
MPRegen  0.1/turn               (no ring)

@: lethally poisoned (0 -> -6), appendage
A: change form in water, swift swim, stealthy swim, horns 2
a: End Transformation


You were on level 2 of the Dungeon.
You were not hungry.
You had grown temporary horns.
You visited 1 branch of the dungeon, and saw 3 of its levels.

You collected 149 gold pieces.

Inventory:

Missiles
 a - 30 arrows (quivered)
Armour
 b - a +0 robe (worn)
 q - a +0 pair of gloves (worn)
Wands
 s - a wand of iceblast (3/15)
 u - a wand of acid (9/15)
Scrolls
 f - a scroll of enchant weapon {unknown}
 h - 3 scrolls of remove curse {unknown}
 j - a scroll of enchant armour {unknown}
 l - 2 scrolls of fog {unknown}
 m - 3 scrolls of identify {unknown}
 o - a scroll of noise {unknown}
 p - a scroll of recharging {unknown}
 v - a scroll of magic mapping {unknown}
Potions
 e - a potion of curing {unknown}
 k - 2 potions of heal wounds {unknown}
 r - 2 potions of degeneration {unknown}
 t - a potion of lignification {unknown}
Books
 c - a book of Changes

   Spells                             Type                      Level
   a - Beastly Appendage              Transmutation                1
   b - Sticks to Snakes               Transmutation                2
   c - Spider Form                    Transmutation/Poison         3
   d - Ice Form                       Ice/Transmutation            4
   e - Blade Hands                    Transmutation                5
Comestibles
 d - 4 bread rations
 g - 11 chunks of flesh
 i - a royal jelly
 n - 3 meat rations


   Skills:
 - Level 1.1 Fighting
 - Level 2.6 Dodging
 - Level 5.0 Unarmed Combat
 - Level 2.0 Spellcasting
 + Level 3.9 Transmutations


You had one spell level left.
You knew the following spells:

 Your Spells              Type           Power        Failure   Level  Hunger
a - Beastly Appendage     Tmut           ##....       4%          1    ##.....
b - Sticks to Snakes      Tmut           ##......     8%          2    ###....
c - Spider Form           Tmut/Pois      #.........   34%         3    ####...


Dungeon Overview and Level Annotations

Branches:
Dungeon (3/15)

Altars:
Xom


Innate Abilities, Weirdness & Mutations

You revert to your normal form in water.
You are very nimble and swift while swimming.
You are very stealthy in the water. (Stealth+)
You have a pair of horns on your head.


Message History

You miss the adder. Your headbutt misses the adder.
The adder is severely wounded.
The adder bites you.
* * * LOW HITPOINT WARNING * * *
The adder bites you.
* * * LOW HITPOINT WARNING * * *
You closely miss the adder.
The adder is severely wounded.
The adder bites you.
* * * LOW HITPOINT WARNING * * *
You are more poisoned.
The adder poisons you!
You miss the adder. Your headbutt misses the adder.
The adder is severely wounded.
* * * LOW HITPOINT WARNING * * *
You feel sick. The adder closely misses you.
You closely miss the adder. Your headbutt misses the adder.
The adder is severely wounded.
The adder bites you.
You die...

###############
#...........@S#
#.###########.# #.#
#.# #.# #.#
##.###### #.#
####.......######.##
#.......##.........#
#.##...###.<#####..#
######## #.###.##
#..# #..# #.......


You could see an adder.

Vanquished Creatures
  An adder (D:3)
  2 oozes (D:1)
  2 dart slugs
  2 leopard geckos
  An orc (D:3)
  2 ball pythons
  4 bats
  A giant cockroach (D:1)
  7 goblins
  6 hobgoblins
  6 jackals
  7 kobolds
  A quokka (D:3)
  3 frilled lizards
  5 rats
50 creatures vanquished.

Notes
Turn   | Place    | Note
-------+----------+-------------------------------------------
     0 | D:1      | JayJay1191 the Merfolk Transmuter began the quest for the Orb.
     0 | D:1      | Reached XP level 1. HP: 15/15 MP: 3/3
   242 | D:1      | Reached XP level 2. HP: 11/21 MP: 3/5
   263 | D:1      | Reached skill level 4 in Unarmed Combat
   562 | D:1      | Reached XP level 3. HP: 26/26 MP: 4/6
  1270 | D:2      | Reached skill level 5 in Unarmed Combat
  1321 | D:2      | Found a shimmering altar of Xom.
  1394 | D:2      | Learned a level 2 spell: Sticks to Snakes
  1398 | D:2      | Learned a level 3 spell: Spider Form
  1622 | D:3      | Reached XP level 4. HP: 32/32 MP: 5/7
  1835 | D:2      | HP: 1/32 [poisoned by an adder]
  1836 | D:2      | Slain by an adder

Skill      XL: |  1  2  3 |
---------------+----------+-----
Unarmed Combat | 4 5 |  5.0
Transmutations | 3 |  3.9
Fighting       | |  1.1
Dodging        | |  2.6
Spellcasting   | |  2.0

Action                   |  1- 3 |  4- 6 || total
-------------------------+-------+-------++-------
Melee: Unarmed           |   131 |    58 ||   189
       Headbutt          |    13 |     9 ||    22
 Cast: Beastly Appendage |    24 |     8 ||    32
 Stab: Sleeping          |     1 |       ||     1
  Eat: Chunk             |     3 |     1 ||     4
Armor: Robe              |    19 |    10 ||    29
Dodge: Dodged            |    77 |    46 ||   123
